 Dungeon Crawl Stone Soup version 0.28.0 (webtiles) character file.

Game seed: 9110601000777649055

104122 Sharkman1231 the Nimble (level 16, -14/98 HPs)
             Began as a Tengu Conjurer on Feb 9, 2022.
             Was a High Priest of Makhleb.
             Demolished by a white ugly thing (33 damage)
             ... on level 14 of the Dungeon.
             The game lasted 00:56:51 (41720 turns).

Sharkman1231 the Nimble (Tengu Conjurer)           Turns: 41720, Time: 00:56:52

Health: -14/98     AC: 15    Str:  9    XL:     16   Next: 37%
Magic:  29/29      EV: 26    Int: 20    God:    Makhleb [*****.]
Gold:   1298       SH:  0    Dex: 21    Spells: 24/31 levels left

rFire   + . .      SeeInvis .   a - +4 lajatang (speed)
rCold   x . .      Faith    .   (shield currently unavailable)
rNeg    . . .      Spirit   .   P - +3 salamander hide armour {Flames rF++ rC--}
rPois   .          Reflect  .   (helmet restricted)
rElec   .          Harm     .   Z - +2 cloak {Will+}
rCorr   .          Rampage  .   U - +0 pair of fencer's gloves {Riposte Dex+3}
Will    ++...                   (boots unavailable)
Stlth   +++.......              c - amulet of the acrobat
HPRegen 0.26/turn               z - ring of ice
MPRegen 0.21/turn               S - +4 ring of protection

@: flying quickly and evasively, studying Shields, quick
A: beak, talons 3, nimble flight
a: Renounce Religion, Minor Destruction, Lesser Servant of Makhleb, Major
Destruction, Greater Servant of Makhleb


You were on level 14 of the Dungeon.
You worshipped Makhleb.
Makhleb was extremely pleased with you.
You visited 4 branches of the dungeon, and saw 23 of its levels.
You also visited: Bailey and Volcano.

You collected 3362 gold pieces.
You spent 2064 gold pieces at shops.

Inventory:

Hand Weapons
 a - a +4 lajatang of speed (weapon)
 b - a +2 hand axe of flaming
 m - a +4 quarterstaff of chaos
 r - a +3 lajatang
Missiles
 t - 8 curare-tipped darts
 R - 3 throwing nets
Armour
 p - a +1 pair of gloves
 s - a +2 kite shield of protection
 y - a +0 cloak of poison resistance
 E - +0 acid dragon scales
 F - an orb of light
 G - a +2 robe of cold resistance
 K - a +3 leather armour of fire resistance
 L - +0 fire dragon scales
 P - the +3 salamander hide armour (worn) {Flames rF++ rC--}
   (You bought it in a shop on level 1 of the Orcish Mines)

   It surrounds you with a cloud of flames.
   It grants immunity to clouds of flame.
   It enhances your fire magic.
   rF:        It greatly protects you from fire.
   rC:        It makes you very vulnerable to cold.
 U - the +0 pair of fencer's gloves (worn) {Riposte Dex+3}
   (You found it on level 4 of the Lair of Beasts)

   It allows the wearer to riposte with melee weapons, swiftly retaliating
   against missed attacks.
   Dex:       It affects your dexterity (+3).
 Z - a +2 cloak of willpower (worn)
Magical Staves
 f - a staff of air
Jewellery
 c - an amulet of the acrobat (around neck)
 n - a ring of poison resistance
 q - an amulet of reflection
 w - a ring of magical power
 z - a ring of ice (left hand)
 Q - a ring of magical power
 S - a +4 ring of protection (right hand)
 X - the ring "Sinton" {Fly rC+ Str+2 Int+3}
   (You bought it in a shop on level 2 of the Orcish Mines)

   [ring of protection from cold]

   Str:       It affects your strength (+2).
   Int:       It affects your intelligence (+3).
   rC:        It protects you from cold.
   Fly:       It grants you flight.
 Y - an amulet of guardian spirit
Wands
 i - a wand of charming (2)
 j - a wand of flame (36)
 A - a wand of polymorph (11)
Scrolls
 d - 8 scrolls of enchant armour
 k - 4 scrolls of amnesia
 l - 2 scrolls of fear
 o - 2 scrolls of teleportation
 u - 2 scrolls of torment
 x - 2 scrolls of holy word
 I - 3 scrolls of immolation
 M - 3 scrolls of fog
 N - 2 scrolls of brand weapon
 O - 2 scrolls of magic mapping
 V - a scroll of blinking
 W - a scroll of silence
Potions
 e - 8 potions of might
 g - 2 potions of mutation
 h - 3 potions of haste
 v - a potion of resistance
 B - 3 potions of attraction
 C - 3 potions of brilliance
 D - 2 potions of invisibility
 H - 2 potions of berserk rage
 J - 2 potions of heal wounds
 T - a potion of cancellation


   Skills:
 + Level 10.5 Fighting
 - Level 14.0 Staves
 - Level 4.0 Throwing
 + Level 8.1 Armour
 - Level 14.2 Dodging
 - Level 3.3 Stealth
 - Level 8.0 Spellcasting
 - Level 13.0 Conjurations
 - Level 7.0 Hexes
 - Level 8.0 Invocations
 - Level 6.0 Evocations


You had 24 spell levels left.
You knew the following spells:

 Your Spells              Type           Power      Damage    Failure   Level
a - Magic Dart            Conj           100%       1d8       1%          1
b - Searing Ray           Conj           100%       2d8       1%          2
c - Fulminant Prism       Conj/Hex       24%        3d13      1%          4

Your spell library contained the following spells:

 Spells                   Type           Power      Damage    Failure   Level
 Foxfire                  Conj/Fire      100%       2x1d9     1%          1
 Slow                     Hex            100%       N/A       1%          1
 Confusing Touch          Hex            36%        N/A       1%          3
 Dazzling Flash           Conj/Hex       96%        N/A       1%          3
 Conjure Flame            Conj/Fire      50%        6-21      2%          3
 Inner Flame              Hex/Fire       33%        N/A       8%          3
 Summon Guardian Golem    Hex/Summ       22%        N/A       8%          3
 Flame Wave               Conj/Fire      50%        2d10      8%          4
 Iskenderun's Mystic Bla  Conj/Tloc      34%        2d8       8%          4
 Summon Small Mammal      Summ           32%        N/A       11%         1
 Call Canine Familiar     Summ           8%         N/A       32%         3
 Gell's Gravitas          Tloc           8%         N/A       32%         3
 Lesser Beckoning         Tloc           8%         N/A       32%         3
 Teleport Other           Tloc           8%         N/A       32%         3
 Vampiric Draining        Necr           8%         2d6       32%         3
 Borgnjor's Revivificati  Necr           4%         N/A       100%        8
 Necromutation            Tmut/Necr      4%         N/A       100%        8
 Death's Door             Necr           4%         N/A       100%        9


Dungeon Overview and Level Annotations

Branches:
Dungeon (14/15)            Temple (1/1) D:4            Lair (6/6) D:9
  Swamp (0/4) Lair:2       Spider (0/4) Lair:4        Slime (0/5) Lair:5
    Orc (2/2) D:11            Elf (0/3) Orc:2        Vaults (0/5) D:13
 Bailey (visited)         Volcano (visited)

Altars:
Ashenzari
Cheibriados
Dithmenos
Elyvilon
Fedhas
Gozag
Hepliaklqana
Kikubaaqudgha
Makhleb
Nemelex Xobeh
Okawaru
Qazlal
Ru
Sif Muna
Trog
Uskayaw
Vehumet
Wu Jian
Xom
Yredelemnul
Zin
The Shining One

Shops:
D:7 (   D:9 [   Orc:1 [   Orc:2 *=[(

Annotations:
Lair:6 exclusion: obsidian statue


Innate Abilities, Weirdness & Mutations

You have a beak for a mouth.
You have claws for feet.
Your magical nature lets you fly swiftly and evasively.


Message History

The seven-headed hydra completely misses you. x2
The seven-headed hydra misses you.
The ogre is engulfed in blazing flames.
The ogre hits you with a +0 giant spiked club!
The white ugly thing is engulfed in blazing flames.
The white ugly thing misses you.
The killer bee is engulfed in blazing flames.
You kill the killer bee!
Makhleb accepts your kill.
You feel better.
The ogre mage casts a spell at the ogre.
The ogre seems to speed up.
The seven-headed hydra is engulfed in blazing flames.
The seven-headed hydra bites you but does no damage.
The seven-headed hydra completely misses you.
The seven-headed hydra bites you but does no damage.
The seven-headed hydra completely misses you.
The seven-headed hydra barely misses you.
The seven-headed hydra bites you but does no damage.
The seven-headed hydra bites you!
An ogre comes into view. It is wielding a +0 giant spiked club.
The white ugly thing is engulfed in blazing flames.
The white ugly thing closely misses you.
There is a stone staircase leading up, spattered with blood here.
The ogre is engulfed in blazing flames.
The ogre hits you with a +0 giant spiked club!
The ogre mage closely misses you.
The seven-headed hydra is engulfed in blazing flames.
The seven-headed hydra bites you!
The seven-headed hydra completely misses you.
The seven-headed hydra bites you!
* * * LOW HITPOINT WARNING * * *
The seven-headed hydra closely misses you.
The seven-headed hydra bites you but does no damage.
The seven-headed hydra completely misses you.
The seven-headed hydra bites you but does no damage.
The white ugly thing is engulfed in blazing flames.
The white ugly thing engulfs you!
* * * LOW HITPOINT WARNING * * *
The white ugly thing freezes you!!
You feel a terrible chill!
You die...

#.#.###<.........#
#.#..##...<......#
#.##.##...>......#####
.. #.######.#..###.... #
#.# ##..).........
#.####.).[.........
##.........y........
.........#....O°○.......
#.###.........○@☼.......
###..#.[u.D°u[....[.
##.#...O.)........
#.....z).........
##...............
..u.##.O....#..... ####
#O.##.......#
#..#####.###.. ....# .#
##


You could see a seven-headed hydra, 3 ugly things, a skeletal warrior, a
two-headed ogre, an ogre mage, 2 ogres and a killer bee.

Vanquished Creatures
  Jorgrun (Orc:2)
  Kirke (Lair:5)
  A frost giant (Lair:4)
  The ghost of Bricks the Blocker, a journeyman GnFi of Uskayaw (Lair:4)
  A stone giant (Orc:2)
  A dire elephant (Lair:6)
  3 ettins
  A fire dragon (Volcano)
  10 hydras
  Harold (Lair:2)
  8 vault guards (D:13)
  An ogre mage (Orc:2)
  A boulder beetle (D:13)
  A catoblepas (Lair:4)
  6 centaur warriors (D:13)
  11 death yaks
  14 two-headed ogres
  A spectral death yak (Lair:6)
  A spectral anaconda (Lair:6)
  3 skeletal warriors (D:14)
  7 lindwurms
  3 necromancers (Lair:6)
  A wizard (D:14)
  2 orc knights (Orc:1)
  A deep elf pyromancer (D:14)
  3 orc sorcerers
  A manticore (D:11)
  11 cyclopes
  A faun (Volcano)
  2 ugly things
  6 black mambas
  A centaur zombie (D:10)
  19 elephants
  Joseph (D:9)
  A dire elephant zombie (Lair:6)
  15 cane toads
  3 gargoyles
  3 smoke demons (Volcano)
  An unseen horror (D:12)
  A kobold demonologist (D:10)
  2 dire elephant skeletons (Lair:6)
  15 rime drakes
  4 komodo dragons
  An efreet (D:9)
  A meliai (D:14)
  7 trolls
  A hornet (D:7)
  Prince Ribbit (D:9)
  13 dream sheep
  12 blink frogs
  2 spectral elephants (Lair:6)
  3 slime creatures (D:12)
  A hog (Lair:5)
  A vampire (D:11)
  38 yaks
  7 wyverns
  A basilisk (D:9)
  2 shadows
  A human (D:11)
  11 steam dragons
  2 vampire mosquitoes (D:11)
  5 wargs
  2 acid dragons
  14 water moccasins
  3 hell hounds (Volcano)
  4 ice beasts
  22 orc warriors
  An elephant zombie (Lair:6)
  4 black bears
  2 necrophages
  7 ogres
  3 elephant skeletons (Lair:6)
  20 centaurs
  3 gnoll sergeants
  2 kobold brigands
  10 bullfrogs
  A wyvern zombie (D:7)
  3 scorpions
  A water moccasin skeleton (D:4)
  An elephant simulacrum (Lair:6)
  6 killer bees (D:14)
  5 electric eels
  9 wights
  5 howler monkeys
  A bullfrog zombie (D:5)
  12 orc priests
  A gnoll shaman (D:9)
  5 jellies
  Crazy Yiuf (D:3)
  2 bullfrog skeletons (D:5)
  A centaur skeleton (D:6)
  2 hounds (D:6)
  Ijyb (D:4)
  4 iguanas
  19 orc wizards
  A scorpion zombie (D:5)
  A killer bee zombie (D:7)
  A howler monkey zombie (D:6)
  17 gnolls
  A howler monkey skeleton (D:5)
  6 adders
  3 shadow imps
  3 white imps
  2 ufetubi (D:5)
  A worm (D:3)
  2 dart slugs
  82 orcs
  3 bats
  9 endoplasms
  5 giant cockroaches
  6 goblins
  7 hobgoblins
  11 jackals
  15 kobolds
  3 quokkas
  10 ball pythons
  5 frilled lizards
  4 rats
  3 fulminant prisms
660 creatures vanquished.

Vanquished Creatures (others)
  A human (Lair:5)
  5 wolves (Lair:5)
  A bullfrog (Lair:5)
  198 fulminant prisms
  97 fungi
  67 plants
  23 withered plants (Lair:6)
392 creatures vanquished.

Grand Total: 1052 creatures vanquished

Notes
Turn   | Place    | Note
-------+----------+-------------------------------------------
     0 | D:1      | Sharkman1231 the Tengu Conjurer began the quest for the
                  | Orb.
     0 | D:1      | Reached XP level 1. HP: 10/10 MP: 4/4
   216 | D:1      | Reached XP level 2. HP: 15/15 MP: 4/6
   219 | D:1      | Learned a level 2 spell: Searing Ray
   735 | D:1      | Found a faded altar of an unknown god.
  1270 | D:2      | Reached XP level 3. HP: 19/19 MP: 4/7
  1862 | D:2      | Reached XP level 4. HP: 21/24 MP: 4/9
  2302 | D:3      | Noticed a necrophage
  2597 | D:3      | Found a bloodstained altar of Trog.
  3155 | D:3      | Found a runed translucent door.
  3156 | D:3      | Noticed Crazy Yiuf
  3532 | D:3      | Killed Crazy Yiuf
  3533 | D:3      | Gained mutation: Your magical nature lets you fly swiftly
                  | and evasively. [Tengu growth]
  3533 | D:3      | Reached XP level 5. HP: 16/28 MP: 4/10
  3891 | D:2      | Killed a necrophage
  3892 | D:2      | Reached XP level 6. HP: 32/32 MP: 4/12
  4462 | D:4      | Noticed an ice beast
  4478 | D:4      | Killed an ice beast
  4479 | D:4      | Reached skill level 1 in Fighting
  4625 | D:4      | Found a staircase to the Ecumenical Temple.
  4660 | D:4      | Noticed Ijyb
  4695 | D:4      | Killed Ijyb
  4696 | D:4      | Reached XP level 7. HP: 26/38 MP: 10/14
  5567 | D:5      | Entered Level 5 of the Dungeon
  5697 | D:5      | Reached skill level 5 in Dodging
  5702 | D:5      | Learned a level 4 spell: Fulminant Prism
  6286 | D:5      | Identified the +1 ring mail of the Stone Wall {+Blink rF-
                  | Str+3}
  6637 | D:5      | Reached skill level 1 in Throwing
  6856 | D:6      | Reached XP level 8. HP: 41/45 MP: 15/15
  6925 | D:6      | Reached skill level 1 in Hexes
  7120 | D:6      | Noticed a white ugly thing
  7330 | D:6      | Killed a white ugly thing
  7331 | D:6      | Reached skill level 5 in Spellcasting
  7722 | D:6      | Reached XP level 9. HP: 46/52 MP: 17/17
  8541 | D:7      | Noticed a hornet
  8591 | D:7      | Killed a hornet
  8795 | D:7      | Reached skill level 5 in Fighting
  9153 | D:7      | Found Doil's Weapon Shop.
  9651 | D:7      | Identified a scroll of acquirement
  9651 | D:7      | Acquired a +2 lajatang of speed
  9716 | D:8      | Noticed a two-headed ogre
  9724 | D:8      | Reached skill level 10 in Conjurations
  9740 | D:8      | Killed a two-headed ogre
  9741 | D:8      | Reached XP level 10. HP: 60/60 MP: 8/20
  9746 | D:8      | Found Nasch's Assorted Antiques.
  9806 | D:8      | Found a flagged portal.
  9815 | Bailey   | Entered a bailey
 11284 | Bailey   | Reached skill level 5 in Staves
 12278 | D:9      | Noticed Prince Ribbit
 12465 | D:9      | Killed Prince Ribbit
 12542 | D:9      | Reached XP level 11. HP: 58/64 MP: 22/22
 12567 | D:9      | Found a staircase to the Lair.
 12770 | D:9      | Noticed a cyclops
 12775 | D:9      | Killed a cyclops
 13124 | D:9      | Noticed Joseph
 13412 | D:9      | Killed Joseph
 13586 | D:9      | Found Nalikyf's Armour Boutique.
 13778 | Temple   | Entered the Ecumenical Temple
 14476 | Temple   | Became a worshipper of Makhleb the Destroyer
 14694 | D:9      | Acquired 760 gold pieces
 15200 | Lair:1   | Entered Level 1 of the Lair of Beasts
 15251 | D:10     | Entered Level 10 of the Dungeon
 15771 | D:10     | Reached skill level 10 in Staves
 16103 | D:10     | Noticed a two-headed ogre
 16133 | D:10     | Killed a two-headed ogre
 16476 | D:11     | Noticed a manticore
 16483 | D:11     | Killed a manticore
 16490 | D:11     | Noticed a two-headed ogre
 16578 | D:10     | Killed a two-headed ogre
 16579 | D:10     | Reached XP level 12. HP: 47/70 MP: 7/25
 17051 | D:11     | Reached * piety under Makhleb
 17059 | D:11     | Found a staircase to the Orcish Mines.
 18313 | D:12     | Noticed an eight-headed hydra
 18607 | D:12     | Killed an eight-headed hydra
 18761 | D:12     | Noticed a five-headed hydra
 18981 | D:12     | Noticed a two-headed ogre
 19044 | D:12     | Killed a two-headed ogre
 19225 | D:12     | Killed a one-headed hydra
 19226 | D:12     | Reached skill level 1 in Armour
 20039 | D:13     | Noticed a centaur warrior
 20049 | D:13     | Killed a centaur warrior
 20423 | D:13     | Noticed a vault guard
 20423 | D:13     | Noticed a vault guard
 20424 | D:13     | Found a gate to the Vaults.
 20424 | D:13     | Noticed a vault guard
 20424 | D:13     | Noticed a vault guard
 20424 | D:13     | Noticed a vault guard
 20429 | D:13     | Noticed a vault guard
 20466 | D:13     | Killed a vault guard
 20467 | D:13     | Reached skill level 5 in Armour
 20471 | D:13     | Noticed a two-headed ogre
 20646 | D:13     | Noticed a centaur warrior
 20654 | D:13     | Killed a centaur warrior
 20824 | D:13     | Noticed a centaur warrior
 20849 | D:13     | Killed a centaur warrior
 20914 | D:13     | Noticed a centaur warrior
 20915 | D:13     | Noticed a vault guard
 20917 | D:13     | Noticed a centaur warrior
 20986 | D:13     | Killed a vault guard
 20987 | D:13     | Reached XP level 13. HP: 19/74 MP: 14/26
 21274 | D:13     | Noticed a vault guard
 22334 | Lair:1   | Reached ** piety under Makhleb
 22682 | Lair:2   | Noticed Harold
 23883 | Lair:1   | HP: 4/114 [poisoned by a cane toad]
 24298 | Lair:1   | Reached skill level 5 in Hexes
 24587 | Lair:2   | HP: 3/76 [something/ball of steam (13)]
 25337 | Lair:2   | Killed Harold
 25374 | Lair:2   | Found a staircase to the Swamp.
 25380 | Lair:2   | Reached *** piety under Makhleb
 26664 | Lair:2   | Identified the +4 flail "Ganigeu" {speed, rF+ Str+2 Int+4}
 27169 | Lair:3   | Reached XP level 14. HP: 69/86 MP: 27/27
 27548 | Lair:3   | Reached skill level 10 in Fighting
 28126 | Lair:4   | You are sucked into a shaft and drop 1 floor!
 28133 | Lair:5   | Noticed Kirke
 28166 | Lair:5   | Killed Kirke
 28210 | Lair:5   | Found a staircase to the Slime Pits.
 28230 | Lair:5   | Found a dark tunnel.
 28235 | Volcano  | Entered a volcano
 28479 | Volcano  | Reached skill level 1 in Evocations
 29387 | Lair:5   | Reached **** piety under Makhleb
 30053 | Lair:4   | Reached skill level 5 in Evocations
 30651 | Lair:4   | Noticed Rupert
 31078 | Lair:4   | Found a hole to the Spider Nest.
 31078 | Lair:4   | Found a runed translucent gate.
 31078 | Lair:4   | Found a runed translucent gate.
 31079 | Lair:4   | Found a runed translucent gate.
 31082 | Lair:4   | Noticed Bricks's ghost (journeyman GnFi)
 31083 | Lair:4   | Found the +0 pair of fencer's gloves {Riposte Dex+3}
 31238 | Lair:4   | Noticed Rupert
 31238 | Lair:4   | Rupert changed into Rupert the frost giant
 31354 | Lair:4   | Killed Rupert the frost giant
 33192 | Lair:4   | Found a hole to the Spider Nest.
 33289 | Lair:4   | Killed Bricks's ghost
 33976 | Lair:6   | Entered Level 6 of the Lair of Beasts
 34409 | Lair:5   | Reached skill level 10 in Dodging
 34965 | Lair:5   | Reached XP level 15. HP: 63/92 MP: 28/28
 35177 | Lair:6   | Identified the +3 ring mail of Hepliaklqana's Pride {rPois
                  | rF+ rN+ Int+4}
 35180 | Lair:6   | Identified the +11 dagger "Lifebane" {distort, rElec Dex+6
                  | Stlth-}
 36076 | Lair:6   | Reached ***** piety under Makhleb
 37818 | Orc:1    | Entered Level 1 of the Orcish Mines
 38119 | Orc:2    | Entered Level 2 of the Orcish Mines
 38119 | Orc:2    | Found Ummeror's Jewellery Shop.
 38239 | Orc:1    | Reached skill level 1 in Invocations
 38478 | Orc:2    | Paralysed by an orc sorcerer for 3 turns
 38493 | Orc:2    | Bought the ring "Sinton" {Fly rC+ Str+2 Int+3} for 669 gold
                  | pieces
 38518 | Orc:2    | Noticed Jorgrun
 38531 | Orc:2    | Killed Jorgrun
 39006 | Orc:1    | Found Ficatum's Antique Armour Boutique.
 39025 | Orc:1    | Bought the +3 salamander hide armour {Flames rF++ rC--} for
                  | 931 gold pieces
 39025 | Orc:1    | Found the +3 salamander hide armour {Flames rF++ rC--}
 39151 | Orc:2    | Reached skill level 5 in Invocations
 39404 | Orc:2    | Reached XP level 16. HP: 39/97 MP: 21/29
 39650 | Orc:2    | Found Bocerit's Antique Weapon Emporium.
 39685 | Orc:2    | Found a staircase to the Elven Halls.
 39828 | Orc:2    | Found Nikkia Ypner's Antique Armour Shoppe.
 39836 | Orc:2    | Bought a runed cloak for 232 gold pieces
 39836 | Orc:2    | Bought a glowing cloak for 232 gold pieces
 39936 | Orc:2    | Found Cifet's General Store.
 41720 | D:14     | Demolished by a white ugly thing

Illustrated notes

Levels and vault maps discovered:
D:1:      scummos_arrival_forest, layout_basic,
          shapermc_ecumenical_altar_totnotflames
D:2:      layout_basic, minmay_tetromino_t2
D:3:      layout_loops_ring, lightli_temple_of_fire, uniq_crazy_yiuf_cottage
D:4:      minmay_door_path, layout_gridville,
          minmay_temple_entry_drinking_statues, uniq_ijyb
D:5:      layout_basic
D:6:      layout_cave_pods, grunt_ministairs_12
D:7:      layout_loops_ring, serial_shops, shop, minmay_joined_circles
D:8:      layout_basic, serial_shops, nicolae_shop_behind_doors, enter_bailey_6
D:9:      minmay_chambers_of_sixes, layout_layer_cave, david_lair_generic,
          serial_shops, nicolae_shop_behind_doors, mrwooster_statue_mirror,
          water_boxes_lemuel, uniq_joseph, uniq_prince_ribbit1
D:10:     layout_roguey
D:11:     layout_long_grid, erik_orc_4
D:12:     layout_roguey
D:13:     layout_grid_maze, erik_vaults_2, minmay_misc_feat_pillars
D:14:     layout_rooms, ebering_ghost_inner_flame, special_room
          [special_room_bee], fedhas_altar_4, minivault_16
Temple:   nicolae_temple_the_god_donut
Lair:1:   layout_layer_cave
Lair:2:   layout_misc_corridors, minmay_swamp_entry_eels,
          bobbens_dragon_lair_wall, uniq_harold
Lair:3:   layout_chaotic_city
Lair:4:   layout_cave_pods, dummy_spider_entry, gammafunk_ghost_hydra_chop,
          uniq_rupert
Lair:5:   layout_loops_ring, nicolae_slime_entry_slimehenge,
          nicolae_volcano_entry_s_turn, uniq_kirke
Lair:6:   due_jungle_book, layout_cave_pods, minmay_lindwurm_lava,
          serial_bayou_shore_a
Orc:1:    layout_caves, serial_shops, shop
Orc:2:    grunt_orc_gardens, layout_diamond_mine, grunt_orc_garden,
          grunt_orc_garden, grunt_orc_garden, grunt_orc_garden, uniq_jorgrun

Skill      XL: |  1  2  3  4  5  6  7  8  9 10 11 12 13 14 15 16 |
---------------+-------------------------------------------------+-----
Dodging        | 3 4 5 6 10 14 | 14.2
Conjurations   | 6 7 8 10 11 12 13 | 13.0
Spellcasting   | 3 4 5 6 7 8 |  8.0
Fighting       | 1 2 3 5 6 9 10 | 10.5
Throwing       | 1 3 4 |  4.0
Hexes          | 2 3 4 6 7 |  7.0
Staves         | 2 6 11 14 | 14.0
Armour         | 7 8 |  8.1
Stealth        | 3 |  3.3
Evocations     | 6 |  6.0
Invocations    | 6 8 |  8.0

Action                   |  1- 3 |  4- 6 |  7- 9 | 10-12 | 13-15 | 16-18 || total
-------------------------+-------+-------+-------+-------+-------+-------++-------
Melee: Hand axe          |       |     7 |       |     6 |    52 |       ||    65
       Kick              |       |     8 |    37 |   154 |   640 |    75 ||   914
       Quarterstaff      |       |    25 |   142 |       |       |       ||   167
       Peck              |       |     4 |    29 |   101 |   424 |    52 ||   610
       Lajatang          |       |       |       |   408 |  1162 |   144 ||  1714
       Punch             |       |       |       |       |     3 |       ||     3
Throw: Dart              |       |     2 |     2 |     2 |     3 |       ||     9
 Cast: Magic Dart        |    46 |    47 |     7 |     2 |    11 |       ||   113
       Searing Ray       |     6 |     9 |    22 |    42 |    15 |       ||    94
       Fulminant Prism   |       |       |     8 |    96 |    97 |       ||   201
Evoke: Wand              |       |       |     3 |       |    29 |       ||    32
  Use: Scroll            |       |       |     9 |    13 |    15 |     1 ||    38
       Potion            |       |       |       |     3 |     6 |       ||     9
 Stab: Sleeping          |       |     2 |     2 |     1 |     5 |       ||    10
       Paralysed         |       |       |     3 |       |       |       ||     3
       Confused          |       |       |     1 |       |       |       ||     1
       Distracted        |       |       |       |       |     2 |       ||     2
Armor: Robe              |     4 |     4 |    20 |    53 |       |       ||    81
       Acid dragon scale |       |       |       |    50 |   142 |       ||   192
       Skin              |       |       |       |       |     5 |       ||     5
       Leather armour    |       |       |       |       |   137 |    18 ||   155
Dodge: Dodged            |    18 |    37 |   171 |   509 |   962 |   175 ||  1872
       Rpst.: Lajatang   |       |       |       |       |   107 |    28 ||   135
       Hand axe          |       |       |       |       |     3 |       ||     3
